 Dungeon Crawl Stone Soup version 0.31-a0-1237-gabc64e778c (webtiles) character file.

Game seed: 2478412399841105795

43 jestert79 the Shooter (level 3, -5/21 HPs)
             Began as a Gargoyle Hunter on Dec 16, 2023.
             Killed by divine providence
             ... invoked by an orc priest
              (15 damage)
             ... on level 3 of the Dungeon.
             The game lasted 00:01:55 (1096 turns).

jestert79 the Shooter (Gargoyle Hunter)             Turns: 1096, Time: 00:01:55

Health: -5/21      AC:  6    Str: 14    XL:     3   Next: 58%
Magic:  3/3        EV: 11    Int:  9    God:
Gold:   90         SH:  0    Dex: 15    Spells: 2/2 levels left

rFire   . . .        a - +0 shortbow
rCold   . . .        (shield currently unavailable)
rNeg    + . .        c - +0 leather armour
rPois   ∞            (no helmet)
rElec   +            (no cloak)
rCorr   .            (no gloves)
SInv    .            (no boots)
Will    .....        (no amulet)
Stlth   ++           (no ring)
HPRegen 0.23/turn    (no ring)
MPRegen 0.08/turn

%: no passive effects
@: no status effects
A: sickness immunity, AC +3, negative energy resistance 1, electricity
resistance, torment resistance 1, petrification resistance
a: no special abilities


You were on level 3 of the Dungeon.
You visited 1 branch of the dungeon, and saw 3 of its levels.

You collected 90 gold pieces.

Inventory:

Hand Weapons
 a - a +0 shortbow (weapon)
 b - a +2 dagger of electrocution
Armour
 c - a +0 leather armour (worn)
Scrolls
 f - a scroll of butterflies
 g - a scroll of identify {unknown}
 i - 3 scrolls of silence {unknown}
 k - a scroll of amnesia {unknown}
 l - a scroll of enchant weapon {unknown}
 m - a scroll of revelation {unknown}
Potions
 d - a potion of heal wounds {unknown}
 e - 2 potions of brilliance {unknown}
 h - a potion of invisibility {unknown}
 j - a potion of curing {unknown}


   Skills:
 - Level 2.1 Fighting
 + Level 4.6 Ranged Weapons
 - Level 1.5 Dodging
 + Level 2.9 Stealth


You had 2 spell levels left.
You didn't know any spells.
Your spell library was empty.

Dungeon Overview and Level Annotations

Branches:
Dungeon (3/15)

Altars:
Qazlal


Innate Abilities, Weirdness & Mutations

You are immune to sickness and miasma.
Your stone body is resilient. (AC +3)
You are immune to poison.
You resist negative energy. (rN+)
You are resistant to electric shocks. (rElec)
You are resistant to unholy torment.
You are immune to petrification.


Message History

No target in view!
An orc priest comes into view. It is wielding a +0 flail.
An orc priest is nearby!
You shoot an arrow. The arrow hits the orc priest.
The orc priest is heavily wounded.
You hear a shout!
An orc comes into view. It is wielding a +0 club.
You shoot an arrow. The arrow closely misses the orc.
You shoot an arrow. The arrow hits the orc priest.
The orc priest is heavily wounded.
The orc priest calls down the wrath of Beogh upon you.
Pain shoots through your body!
An orc comes into view. It is wielding a +0 club.
You shoot an arrow. The arrow hits the orc.
The orc is moderately wounded.
You shoot an arrow. The arrow hits the orc.
The orc is heavily wounded.
You shoot an arrow.
The arrow hits the orc but does no damage.
The orc is heavily wounded.
You shoot an arrow. The arrow barely misses the orc.
The arrow barely misses the orc priest.
You shoot an arrow. The arrow closely misses the orc.
The orc closely misses you. x2
You shoot an arrow. The arrow barely misses the orc priest.
The orc priest hits you with a +0 flail!
The orc closely misses you.
You are too injured to fight recklessly!
You are too injured to fight recklessly!
You shoot an arrow. The arrow hits the orc priest.
The orc priest is severely wounded.
The orc priest closely misses you. The orc barely misses you.
The orc closely misses you.
Unknown command.
You shoot an arrow.
The arrow closely misses the orc priest.
The orc priest invokes the aid of Beogh against you.
Beogh smites you!
Ouch! That really hurt!
You die...

# .#
####################.###
.......)......>........
######<...#### #.....##+
####....###........
#....##..o..#
#....'..@o..#
##.<.###.o..# #####
+....# #.$..# #....#
#....# #..†.# ######


You could see an orc priest and 2 orcs.

Vanquished Creatures
  2 worms (D:2)
  A dart slug (D:2)
  2 ball pythons
  2 bats
  3 endoplasms
  2 giant cockroaches (D:1)
  2 goblins
  3 jackals (D:1)
  2 quokkas
  4 frilled lizards
  6 kobolds
  5 rats
34 creatures vanquished.

Notes
Turn   | Place    | Note
-------+----------+-------------------------------------------
     0 | D:1      | jestert79 the Gargoyle Hunter began the quest for the Orb.
     0 | D:1      | Reached XP level 1. HP: 12/12 MP: 1/1
   135 | D:1      | Reached XP level 2. HP: 17/17 MP: 2/2
   744 | D:2      | Reached XP level 3. HP: 21/21 MP: 3/3
   822 | D:2      | Found a stormy altar of Qazlal.
  1096 | D:3      | Killed from afar by an orc priest

Illustrated notes

Levels and vault maps discovered:
D:1:      lightli_arrival_isolated_outpost, layout_loops_cross
D:2:      layout_rooms, basic_altar, chequers_garden
D:3:      layout_basic, shapermc_ecumenical_altar_notcrosses, uniq_ijyb,
          uniq_robin

Skill      XL: |  1  2 |
---------------+-------+-----
Stealth        | 2 |  2.9
Fighting       | |  2.1
Ranged Weapons | |  4.6
Dodging        | |  1.5

Action                     || total
---------------------------++-------
   Fire: Shortbow          ||   121
 Armour: Leather armour    ||    18
  Dodge: Dodged            ||    35

Table legend: (Time is in decaauts)
 A = Elapsed time spent in this place.
 B = Non-inter-level travel time spent in this place.
 C = Inter-level travel time spent in this place.
 D = Time resting spent in this place.
 E = Time spent auto-exploring this place.
 F = Levels seen in this place.
 G = Mean time per level.
                   A        B        C        D        E       F      G
               +--------+--------+--------+--------+--------+-----+--------+
         Total |   1126 |   1092 |     34 |      0 |    889 |   3 |  375.3 |
       Dungeon |   1126 |   1092 |     34 |      0 |    889 |   3 |  375.3 |
               +--------+--------+--------+--------+--------+-----+--------+

Top non-repeatable levels by time:
     D:1: 687 daAuts
     D:2: 398 daAuts
     D:3: 40 daAuts
